 Dungeon Crawl Stone Soup version 0.30-a0-924-g0ad0bf95bc (webtiles) character file.

Game seed: 6022190184466996147

213 retardedninja the Covered (level 5, 0/48 HPs)
             Began as an Armataur Fighter on Mar 22, 2023.
             Was an Initiate of the Shining One.
             Slain by an orc priest
             ... wielding a +0 mace
              (3 damage)
             ... on level 4 of the Dungeon.
             The game lasted 00:03:37 (3235 turns).

retardedninja the Covered (Armataur Fighter)        Turns: 3235, Time: 00:03:38

Health: 0/48       AC:  9    Str: 35    XL:     5   Next: 59%
Magic:  5/5        EV:  8    Int:  6    God:    the Shining One [......]
Gold:   128        SH:  4    Dex:  7    Spells: 4/4 levels left

rFire   x . .      SeeInvis .    a - +0 war axe
rCold   . . .      Faith    .    c - +0 buckler
rNeg    . . .      Spirit   .    b - +0 scale mail
rPois   .          Reflect  .    r - +1 helmet of the Lily {Str+3}
rElec   .          Roll     +    (no cloak)
rCorr   .                        (no gloves)
Will    .....                    (no barding) Stlth
                                 (no amulet)
HPRegen 0.00/turn                (no ring)
MPRegen 0.09/turn                (no ring)

@: inhibited regen, glowing
A: large, rugged brown scales 3, deformed body, armoured tail, roll, long
tongue, awkward tongue, inhibited regeneration, strong 2, wild magic 1, heat
vulnerability 1
a: Renounce Religion


You were on level 4 of the Dungeon.
You worshipped the Shining One.
The Shining One was noncommittal.
You visited 1 branch of the dungeon, and saw 4 of its levels.

You collected 128 gold pieces.

Inventory:

Hand Weapons
 a - a +0 war axe (weapon)
Armour
 b - a +0 scale mail (worn)
 c - a +0 buckler (worn)
 r - the +1 helmet of the Lily (worn) {Str+3}
   (You found it on level 3 of the Dungeon)

   Str:       It affects your strength (+3).
Scrolls
 k - 2 scrolls of teleportation {unknown}
 l - 2 scrolls of enchant weapon {unknown}
 m - a scroll of vulnerability {unknown}
 n - 4 scrolls of amnesia {unknown}
 o - a scroll of immolation {unknown}
 p - 2 scrolls of identify {unknown}
Potions
 d - a potion of invisibility
 e - a potion of resistance {unknown}
 f - a potion of degeneration {unknown}
 g - a potion of curing {unknown}
 i - 2 potions of haste {unknown}
 j - 2 potions of brilliance {unknown}
 q - a potion of magic {unknown}


   Skills:
 + Level 3.4 Fighting
 * Level 3.3 Axes
 + Level 4.7 Armour
 + Level 4.2 Shields


You had 4 spell levels left.
You didn't know any spells.
Your spell library contained the following spells:

 Spells                   Type           Power      Damage    Failure   Level
 Tukima's Dance           Hex            0%         N/A       98%         3
 Passage of Golubria      Tloc           0%         N/A       100%        4
 Yara's Violent Unravell  Hex/Tmut       0%         3d3       100%        5


Dungeon Overview and Level Annotations

Branches:
Dungeon (4/15)
 Temple: D:4-7

Altars:
Cheibriados
Dithmenos
Fedhas
The Shining One


Innate Abilities, Weirdness & Mutations

You are completely covered in rugged brown scales. (AC +3, +7% HP)
Armour fits poorly on your strangely shaped body.
You have a long armoured tail.
You roll when moving toward enemies. (Rampage)
Your long tongue fully drains potion bottles. (2x potion effects)
Your tongue gives you trouble enunciating. (1.5x scroll delay)
You do not regenerate when monsters are visible.
Your muscles are very strong. (Str +8, Int/Dex -2)
Your spells are a little harder to cast, but a little more powerful.
You are vulnerable to heat. (rF-)


Message History

The orc hits you from afar with a +0 trident.
The orc priest mumbles some strange prayers to Beogh against you.
You barely resist. The orc hits you but does no damage.
You block the orc's attack. The orc priest barely misses you.
The orc barely misses you.
You barely miss the orc.
The orc is moderately wounded.
You hit the orc priest. You block the orc's attack.
The orc priest hits you with a +0 mace.
The orc hits you with a +2 mace of protection.
* * * LOW HITPOINT WARNING * * *
Unknown command.
It was a potion of mutation.
You feel extremely strange.
You feel vulnerable to heat.
You feel a hidden potential growing inside you.
You feel robust.
You feel weaker.
Your regeneration stops near monsters.
Your toenails lengthen and sharpen.
You slurp down every last drop of the potion of mutation!
The orc barely misses you. The orc priest misses you.
The orc hits you but does no damage.
Unknown command.
Really quaff the potion of mutation?
You feel extremely strange.
You no longer feel a hidden potential within.
You feel frail.
Your talons dull and shrink into feet.
You feel stronger. x3
You feel less in control of your magic.
You slurp down every last drop of the potion of mutation!
The orc hits you from afar with a +0 trident.
* * * LOW HITPOINT WARNING * * *
The orc priest hits you with a +0 mace! The Shining One protects you from harm!
The orc hits you with a +2 mace of protection.
* * * LOW HITPOINT WARNING * * *
Unknown command.
Okay, then.
You closely miss the orc priest.
The orc priest is moderately wounded.
You barely miss the orc. The orc hits you but does no damage.
The orc priest hits you with a +0 mace.
You die...

##................
##.#####......##
### ##...### .
########....# ..
#...........## ..
...#########.## ..
##.## .# ##.##og#
##@oo# ##o.# #....
....# ..## ###


You could see an orc priest, 3 orcs and a goblin.

Vanquished Creatures
  A hound (D:3)
  Natasha (thrice) (D:3)
  A gnoll (D:1)
  2 adders (D:2)
  A worm (D:2)
  3 dart slugs
  3 orcs
  9 bats
  3 endoplasms
  5 giant cockroaches
  6 goblins
  5 hobgoblins
  8 kobolds
  A quokka (D:2)
  10 ball pythons
  7 frilled lizards
  4 rats
72 creatures vanquished.

Notes
Turn   | Place    | Note
-------+----------+-------------------------------------------
     0 | D:1      | retardedninja the Armataur Fighter began the quest for the
                  | Orb.
     0 | D:1      | Reached XP level 1. HP: 19/19 MP: 1/1
   133 | D:1      | Reached XP level 2. HP: 25/26 MP: 2/2
   605 | D:1      | Reached XP level 3. HP: 32/32 MP: 3/3
  1616 | D:2      | Reached XP level 4. HP: 40/40 MP: 4/4
  2400 | D:3      | Identified the +1 helmet of the Lily {Str+3}
  2426 | D:3      | Noticed Natasha
  2432 | D:3      | Killed Natasha
  2660 | D:3      | Noticed Natasha
  2669 | D:3      | Killed Natasha
  2670 | D:3      | Reached XP level 5. HP: 35/48 MP: 5/5
  2771 | D:3      | Noticed Natasha
  2791 | D:3      | Killed Natasha
  2829 | D:3      | Found a large runed translucent door.
  2839 | D:3      | Found a large runed translucent door.
  3092 | D:3      | Found a shadowy altar of Dithmenos.
  3101 | D:3      | Found a blossoming altar of Fedhas.
  3165 | D:3      | Found a glowing golden altar of the Shining One.
  3171 | D:3      | Became a worshipper of the Shining One
  3177 | D:3      | Found a snail-covered altar of Cheibriados.
  3233 | D:4      | Gained mutation: You are vulnerable to heat. (rF-) [potion
                  | of mutation]
  3233 | D:4      | Gained mutation: You have hidden genetic potential. [potion
                  | of mutation]
  3233 | D:4      | Gained mutation: You are robust. (+10% HP) [potion of
                  | mutation]
  3233 | D:4      | Gained mutation: You are weak. (Str -2) [potion of
                  | mutation]
  3233 | D:4      | Gained mutation: You do not regenerate when monsters are
                  | visible. [potion of mutation]
  3233 | D:4      | Gained mutation: You have sharp toenails. [potion of
                  | mutation]
  3234 | D:4      | Lost mutation: You have hidden genetic potential. [potion
                  | of mutation]
  3234 | D:4      | Lost mutation: You are robust. (+10% HP) [potion of
                  | mutation]
  3234 | D:4      | Lost mutation: You have sharp toenails. [potion of
                  | mutation]
  3234 | D:4      | Lost mutation: You are weak. (Str -2) [potion of mutation]
  3234 | D:4      | Gained mutation: Your muscles are strong. (Str +4, Int/Dex
                  | -1) [potion of mutation]
  3234 | D:4      | Gained mutation: Your muscles are very strong. (Str +8,
                  | Int/Dex -2) [potion of mutation]
  3234 | D:4      | Gained mutation: Your spells are a little harder to cast,
                  | but a little more powerful. [potion of mutation]
  3234 | D:4      | The Shining One protects you from harm!
  3235 | D:4      | Slain by an orc priest

Illustrated notes

Levels and vault maps discovered:
D:1:      elethiomel_arrival_maze, layout_loops_corners
D:2:      layout_loops_ring
D:3:      layout_loops_ring, mainiacjoe_overflow_swirl, jmf_multi_god_temple2,
          uniq_natasha
D:4:      layout_layer_cave, cheibrodos_ashenzari_chains, serial_shops,
          kennysheep_mini

Skill      XL: |  1  2  3  4 |
---------------+-------------+-----
Axes           | 2 3 |  3.3
Armour         | 4 |  4.7
Fighting       | 3 |  3.4
Shields        | 4 |  4.2

Action                     |  1- 3 |  4- 6 || total
---------------------------+-------+-------++-------
  Melee: War axe           |   115 |   113 ||   228
         Tailslap          |    11 |     7 ||    18
    Use: Potion            |       |     4 ||     4
 Armour: Scale mail        |    71 |    56 ||   127
  Dodge: Dodged            |    47 |    38 ||    85
  Block: Buckler           |    19 |    20 ||    39

Table legend: (Time is in decaauts)
 A = Elapsed time spent in this place.
 B = Non-inter-level travel time spent in this place.
 C = Inter-level travel time spent in this place.
 D = Time resting spent in this place.
 E = Time spent auto-exploring this place.
 F = Levels seen in this place.
 G = Mean time per level.
                   A        B        C        D        E       F      G
               +--------+--------+--------+--------+--------+-----+--------+
         Total |   3364 |   3266 |     98 |    482 |   2233 |   4 |  841.0 |
       Dungeon |   3364 |   3266 |     98 |    482 |   2233 |   4 |  841.0 |
               +--------+--------+--------+--------+--------+-----+--------+

Top non-repeatable levels by time:
     D:1: 1233 daAuts
     D:3: 1209 daAuts
     D:2: 881 daAuts
     D:4: 39 daAuts
